[Event "Titled Tuesday Blitz November 14 Early 2023"]
[White "Khater, Sherif"]
[Black "Goswami, Vedant"]
[WhiteFideId "2034280"]
[BlackFideId "5003725"]
[WhiteElo "2652"]
[BlackElo "2323"]
[Result "1-0"]
[Round "1"]
[TimeControl "180+1"]
[Date "2023.11.14"]
[WhiteClock "0:00:46"]
[BlackClock "0:00:00"]
[Board "164"]

1. c4 Nf6 2. Nc3 e5 3. e3 d5 4. cxd5 Nxd5 5. Nf3 Nc6 6. Be2 Be7 7. O-O O-O 8. b3 Nxc3 9. dxc3 e4 10. Nd4 Ne5 11. Bb2 c5 12. Nb5 Bf5 13. c4 Nd3 14. Bxd3 exd3 15. Nc3 Bf6 16. Qd2 Re8 17. Nd5 Bxb2 18. Qxb2 Be4 19. Nc3 Bc6 20. Qd2 Qg5 21. f4 Qf5 22. Rad1 Rad8 23. h3 h5 24. Rfe1 Be4 25. Kh2 a6 26. Qf2 Re6 27. Rd2 Rg6 28. Nxe4 Qxe4 29. Qf3 Re6 30. Qxe4 Rxe4 31. Kg3 b5 32. Kf3 f5 33. Rc1 bxc4 34. Rxc4 Rxc4 35. bxc4 Kf7 36. e4 fxe4+ 37. Kxe4 Rd4+ 38. Ke3 Rxc4 39. Rxd3 Ra4 40. a3 Ke6 41. g4 hxg4 42. hxg4 Rc4 43. Rb3 Rc1 44. Rb6+ Kd5 45. Rxa6 c4 46. Ra8 Rg1 47. g5 Rg3+ 48. Kf2 1-0


[Site "https://www.chess.com"]

[Event "Titled Tuesday Blitz November 14 Early 2023"]
[White "Zivic, Dragan"]
[Black "Degenbaev, Aziz"]
[WhiteFideId "904740"]
[BlackFideId "13802640"]
[WhiteElo "2321"]
[BlackElo "2648"]
[Result "0-1"]
[Round "1"]
[TimeControl "180+1"]
[Date "2023.11.14"]
[WhiteClock "0:00:10"]
[BlackClock "0:00:09"]
[Board "165"]

1. c4 Nf6 2. Nc3 g6 3. d4 Bg7 4. e4 d6 5. h3 O-O 6. Be3 e5 7. d5 a5 8. g4 Na6 9. Nge2 Nc5 10. Ng3 c6 11. Be2 cxd5 12. cxd5 Bd7 13. h4 b5 14. f3 b4 15. Nb1 a4 16. Nd2 Ne8 17. Nc4 Rc8 18. h5 Bf6 19. Kf2 Ng7 20. Qd2 Bb5 21. Rac1 Bxc4 22. Bxc4 b3 23. a3 Bh4 24. Kg2 Bxg3 25. Kxg3 f5 26. exf5 gxf5 27. Bh6 fxg4 28. Kxg4 Qf6 29. Rcf1 Rf7 30. Rhg1 Nf5 31. Kh3+ Kh8 32. Bg5 Qg7 33. Bh4 Qf8 34. Qg5 Nxh4 35. Qxh4 Rf4 36. Qg5 Rxc4 37. f4 Rxf4 38. Rxf4 exf4 39. Qg4 Ne4 40. Rf1 Rc2 41. Rxf4 Nf2+ 42. Kg3 Nxg4 43. Rxf8+ Kg7 44. Ra8 Nf6 0-1


[Site "https://www.chess.com"]

[Event "Titled Tuesday Blitz November 14 Early 2023"]
[White "Asavasaetakul, Chawit"]
[Black "Lebedev, Artem S."]
[WhiteFideId "6204856"]
[BlackFideId "34272747"]
[WhiteElo "2644"]
[BlackElo "2318"]
[Result "0-1"]
[Round "1"]
[TimeControl "180+1"]
[Date "2023.11.14"]
[WhiteClock "0:00:56"]
[BlackClock "0:00:04"]
[Board "166"]

1. e4 e5 2. Nf3 Nc6 3. Nc3 Nf6 4. d4 exd4 5. Nxd4 Bb4 6. Nxc6 bxc6 7. Bd3 O-O 8. O-O d5 9. exd5 cxd5 10. Bg5 c6 11. Na4 h6 12. Bh4 Bd6 13. c4 d4 14. Re1 c5 15. b3 Rb8 16. Qd2 Bb7 17. Bg3 Bxg3 18. hxg3 Qd6 19. Qf4 Qc6 20. f3 Rfe8 21. g4 Nd7 22. Qf5 g6 23. Qf4 Kg7 24. Kf2 Qf6 25. Qc7 Ne5 26. Nxc5 Bxf3 27. Rxe5 Bxg4+ 28. Kg3 Qxe5+ 29. Qxe5+ Rxe5 30. Na6 Rbe8 31. Kxg4 h5+ 32. Kh4 g5+ 33. Kxh5 Rh8+ 34. Kg4 Rh4+ 35. Kf3 Re3+ 36. Kf2 Rxd3 37. Nc5 Rc3 38. Rd1 Rc2+ 39. Kg3 f5 40. a4 Rg4+ 41. Kf3 Rc3+ 42. Kf2 Rc2+ 43. Kf3 Rgxg2 44. Ne6+ Kf6 45. Nxd4 Rcf2+ 46. Ke3 Rb2 47. Rf1 Rg3+ 48. Rf3 Rxf3+ 49. Kxf3 Ke5 50. Nc6+ Kd6 51. Nxa7 Rxb3+ 52. Kf2 Rb4 53. Nb5+ Kc5 54. Nc7 g4 55. a5 Kxc4 56. a6 Ra4 57. Kg3 Ra3+ 58. Kf4 g3 59. a7 Rxa7 60. Ne6 g2 0-1


[Site "https://www.chess.com"]

[Event "Titled Tuesday Blitz November 14 Early 2023"]
[White "rikchessmx"]
[Black "Makhnev, Denis"]
[BlackFideId "13707647"]
[WhiteElo "2318"]
[BlackElo "2643"]
[Result "0-1"]
[Round "1"]
[TimeControl "180+1"]
[Date "2023.11.14"]
[WhiteClock "0:01:07"]
[BlackClock "0:01:09"]
[Board "167"]

1. e4 c6 2. d4 d5 3. Nc3 dxe4 4. Nxe4 Bf5 5. Ng3 Bg6 6. Nf3 e6 7. h4 h6 8. h5 Bh7 9. Bd3 Bxd3 10. Qxd3 Nf6 11. Bf4 Qa5+ 12. c3 Nbd7 13. Bd2 Bd6 14. Ne4 Nxe4 15. Qxe4 Nf6 16. Qe2 Nxh5 17. c4 Bb4 18. a3 Bxd2+ 19. Nxd2 Nf6 20. b4 Qf5 21. f3 O-O 22. Ne4 Rad8 23. O-O-O a5 24. Kb2 axb4 25. axb4 b5 26. Nxf6+ Qxf6 27. Qe5 Qxe5 28. dxe5 bxc4 29. Kc3 Rd5 30. Kxc4 Rxe5 31. Rd6 Rc8 32. Rhd1 g5 33. Rd8+ Rxd8 34. Rxd8+ Kg7 35. Rc8 Re2 36. Rxc6 Rxg2 37. b5 Rb2 38. b6 h5 39. Kc5 g4 40. fxg4 hxg4 41. Rd6 Kf6 42. Rd4 g3 43. Kc6 Kg5 44. b7 g2 45. Rd8 Kf4 46. Rg8 Kf3 47. Kc7 Kf2 48. b8=Q Rxb8 49. Kxb8 g1=Q 50. Kc7 Qxg8 0-1


[Site "https://www.chess.com"]

[Event "Titled Tuesday Blitz November 14 Early 2023"]
[White "ArtemDyachuk"]
[Black "Biernacki, Mark"]
[BlackFideId "2082322"]
[WhiteElo "2641"]
[BlackElo "2317"]
[Result "0-1"]
[Round "1"]
[TimeControl "180+1"]
[Date "2023.11.14"]
[WhiteClock "0:00:00"]
[BlackClock "0:00:12"]
[Board "168"]

1. e4 c6 2. Nc3 d5 3. Nf3 dxe4 4. Nxe4 Nf6 5. Qe2 Nxe4 6. Qxe4 Qd5 7. Qh4 Bf5 8. Bc4 Qe4+ 9. Qxe4 Bxe4 10. Bxf7+ Kxf7 11. Ng5+ Ke8 12. Nxe4 Nd7 13. O-O Nf6 14. Re1 Nxe4 15. Rxe4 Kd7 16. d3 e6 17. Bd2 Re8 18. Rae1 Bd6 19. Bc3 Re7 20. f4 Rf8 21. g3 Rf5 22. Kg2 h6 23. Rf1 Ref7 24. Ree1 g6 25. h4 a6 26. Bd2 Rf8 27. b3 Rg8 28. Bc3 Rf7 29. Re4 Rgf8 30. Rfe1 Re7 31. h5 gxh5 32. Rh1 Rf5 33. Kf3 Ref7 34. Re2 b5 35. Reh2 e5 36. Rxh5 Rxh5 37. Rxh5 exf4 38. g4 Bf8 39. Bd2 Rf6 40. c4 Kd6 41. Bb4+ Kd7 42. Bxf8 Rxf8 43. Rxh6 Kc7 44. Rh5 Rd8 45. Ke4 f3 46. Rf5 Rg8 47. Kxf3 Kd6 48. g5 Ke6 49. Ke4 Kd6 50. c5+ Ke7 51. Ke5 Rg6 52. d4 Re6+ 53. Kf4 Re1 54. g6 Rg1 55. Rg5 Rf1+ 56. Ke3 Kf8 57. g7+ Kg8 0-1


[Site "https://www.chess.com"]

[Event "Titled Tuesday Blitz November 14 Early 2023"]
[White "Lacasa Diaz, Jose Antonio"]
[Black "Statham_l3"]
[WhiteFideId "2203375"]
[WhiteElo "2317"]
[BlackElo "2640"]
[Result "1-0"]
[Round "1"]
[TimeControl "180+1"]
[Date "2023.11.14"]
[WhiteClock "0:00:41"]
[BlackClock "0:00:00"]
[Board "169"]

1. e4 e5 2. Nf3 Nc6 3. Bb5 a6 4. Bxc6 dxc6 5. O-O Bd6 6. d4 exd4 7. Qxd4 f6 8. Be3 Ne7 9. Nbd2 Be6 10. Rfd1 Ng6 11. Nc4 Bxc4 12. Qxc4 Qe7 13. c3 O-O-O 14. b4 Rhe8 15. Nd2 Ne5 16. Qe2 h5 17. f3 g5 18. a4 f5 19. b5 f4 20. Bd4 cxb5 21. axb5 Bc5 22. bxa6 Rxd4 23. axb7+ Kd7 24. cxd4 Bxd4+ 25. Kh1 Bxa1 26. Rxa1 Qb4 27. Rb1 Qd4 28. b8=Q Rxb8 29. Rxb8 g4 30. Rb1 g3 31. Qb5+ Ke7 32. Qd5 Qe3 33. Qxe5+ 1-0


[Site "https://www.chess.com"]

[Event "Titled Tuesday Blitz November 14 Early 2023"]
[White "Adla, Diego"]
[Black "Maect19"]
[WhiteFideId "100072"]
[WhiteElo "2639"]
[BlackElo "2316"]
[Result "1-0"]
[Round "1"]
[TimeControl "180+1"]
[Date "2023.11.14"]
[WhiteClock "0:00:08"]
[BlackClock "0:00:10"]
[Board "170"]

1. c4 c6 2. d4 d5 3. cxd5 cxd5 4. Bf4 Nf6 5. e3 Nc6 6. Nc3 e6 7. Bd3 Qb6 8. Nb5 Bb4+ 9. Kf1 O-O 10. Bc7 Qa6 11. Nd6 Bxd6 12. Bxa6 Bxc7 13. Bd3 Nb4 14. Be2 Ne4 15. a3 Nc6 16. Nf3 Bd7 17. g3 e5 18. Kg2 exd4 19. Nxd4 Nxd4 20. exd4 Bb6 21. Bf3 Bc6 22. Re1 Rad8 23. Qd3 a6 24. a4 f5 25. b4 Be8 26. b5 a5 27. Rac1 Bg6 28. Qb3 Kh8 29. Red1 f4 30. Qa3 fxg3 31. hxg3 Rf7 32. Bxe4 dxe4 33. Rc5 Rfd7 34. Rdc1 Rxd4 35. Rc8 e3 36. Rxd8+ Rxd8 37. fxe3 Be4+ 38. Kh3 h5 39. Qe7 Bf5+ 40. Kh4 Rg8 41. Rc7 Bxe3 42. Qxe3 Bg4 43. Qg5 Rf8 44. Rxb7 g6 45. Qh6+ Kg8 46. Qg7# 1-0


[Site "https://www.chess.com"]

[Event "Titled Tuesday Blitz November 14 Early 2023"]
[White "Malikova777"]
[Black "Hilary46"]
[WhiteElo "2315"]
[BlackElo "2638"]
[Result "0-1"]
[Round "1"]
[TimeControl "180+1"]
[Date "2023.11.14"]
[WhiteClock "0:00:04"]
[BlackClock "0:00:08"]
[Board "171"]

1. d4 Nf6 2. c4 e6 3. Nc3 Bb4 4. Qc2 c5 5. dxc5 Na6 6. a3 Bxc3+ 7. Qxc3 Nxc5 8. f3 d6 9. e4 e5 10. Be3 O-O 11. Ne2 Be6 12. Qc2 Rc8 13. Nc3 a6 14. Be2 Ncd7 15. Nd5 Bxd5 16. exd5 Nxd5 17. Bd2 Nf4 18. Bxf4 exf4 19. O-O Re8 20. Bd3 h6 21. Bf5 Rc5 22. Rad1 Ne5 23. b3 b5 24. Rd5 bxc4 25. Rxc5 Qb6 26. bxc4 Qxc5+ 27. Kh1 Qxc4 28. Qd1 Qc5 29. Re1 Qxa3 30. h3 Rb8 31. Bb1 Qc5 32. Qd2 Qb4 33. Qd1 a5 34. Bc2 Qc5 35. Kh2 Rb2 36. Re2 g6 37. Ba4 Rxe2 38. Qxe2 Qb4 39. Qc2 Kg7 40. Qd1 Qc5 41. Qb3 Nc4 42. Be8 d5 43. Qb7 Ne5 44. Ba4 d4 45. Qe4 d3 46. Qxf4 Qd6 47. g3 d2 48. Bd1 Qd5 49. Qa4 Nxf3+ 50. Bxf3 Qxf3 51. Qd4+ Qf6 52. Qxd2 a4 53. Qb4 Qa6 54. Qc3+ Kh7 55. Qa3 Qe2+ 56. Kh1 Qd1+ 57. Kh2 Qb3 58. Qa1 a3 59. h4 Qb2+ 0-1


[Site "https://www.chess.com"]

[Event "Titled Tuesday Blitz November 14 Early 2023"]
[White "Pastar, Slaven"]
[Black "VOneChess"]
[WhiteFideId "14402718"]
[WhiteElo "2638"]
[BlackElo "2312"]
[Result "1-0"]
[Round "1"]
[TimeControl "180+1"]
[Date "2023.11.14"]
[WhiteClock "0:00:46"]
[BlackClock "0:00:03"]
[Board "172"]

1. b3 Nf6 2. Bb2 g6 3. Nf3 Bg7 4. e3 O-O 5. c4 d5 6. cxd5 Nxd5 7. Bxg7 Kxg7 8. Be2 Nc6 9. O-O Bg4 10. Qc2 Qd7 11. Qb2+ Nf6 12. b4 a6 13. a4 b5 14. axb5 axb5 15. Rxa8 Rxa8 16. Bxb5 Bxf3 17. gxf3 Rb8 18. Bxc6 Qxc6 19. e4 Rb5 20. Nc3 Rg5+ 21. Kh1 e5 22. Rg1 Rh5 23. Rg3 Rh4 24. Kg2 Nh5 25. Nd5 Qe6 26. Nxc7 Nf4+ 27. Kg1 Ne2+ 28. Kg2 Nf4+ 29. Kg1 Qd6 30. Ne8+ Kf8 31. Nxd6 Ne2+ 32. Kf1 Nxg3+ 33. hxg3 Rh1+ 34. Kg2 Rd1 35. Qxe5 Kg8 36. Qf6 Rxd2 37. Qxf7+ Kh8 38. Qf8# 1-0


[Site "https://www.chess.com"]

[Event "Titled Tuesday Blitz November 14 Early 2023"]
[White "Iunusovnuriddin"]
[Black "Bodnaruk, Anastasia"]
[BlackFideId "4181751"]
[WhiteElo "2310"]
[BlackElo "2633"]
[Result "0-1"]
[Round "1"]
[TimeControl "180+1"]
[Date "2023.11.14"]
[WhiteClock "0:00:05"]
[BlackClock "0:00:21"]
[Board "173"]

1. e4 c5 2. c3 Nf6 3. e5 Nd5 4. d4 cxd4 5. Qxd4 e6 6. Nf3 Nc6 7. Qe4 f5 8. Qe2 b5 9. g3 Rb8 10. Bg2 Be7 11. O-O O-O 12. Nbd2 Qc7 13. Nb3 a6 14. Rd1 Bb7 15. h4 f4 16. Rxd5 exd5 17. Bxf4 Rbe8 18. Re1 Nd8 19. e6 Qc8 20. Bh3 Nxe6 21. Bxe6+ dxe6 22. Qxe6+ Qxe6 23. Rxe6 Kh8 24. Rb6 Bc8 25. Nbd4 Bf6 26. Bd6 Rf7 27. Nc6 h6 28. Nfe5 Bxe5 29. Bxe5 Re6 30. f4 Kh7 31. Kf2 Bd7 32. Nd8 Rxf4+ 33. Bxf4 Rxb6 34. Ke3 Kg8 35. Kd4 Kf8 36. Kxd5 Ke7 37. Bc7 Rf6 38. Nb7 Bc6+ 0-1


[Site "https://www.chess.com"]

[Event "Titled Tuesday Blitz November 14 Early 2023"]
[White "Maltsevskaya, Aleksandra"]
[Black "Ardila, Oscar Humberto"]
[WhiteFideId "24174041"]
[BlackFideId "4404742"]
[WhiteElo "2632"]
[BlackElo "2309"]
[Result "1-0"]
[Round "1"]
[TimeControl "180+1"]
[Date "2023.11.14"]
[WhiteClock "0:01:37"]
[BlackClock "0:00:46"]
[Board "174"]

1. Nf3 Nf6 2. d4 g6 3. c4 Bg7 4. Nc3 O-O 5. g3 d6 6. Bg2 Nbd7 7. O-O c6 8. Bg5 h6 9. Bf4 Nh5 10. Be3 Nhf6 11. h3 e5 12. Qd2 Kh7 13. dxe5 dxe5 14. Rfd1 Qe7 15. Qc2 Nc5 16. Nh4 Be6 17. b3 Rad8 18. Rxd8 Rxd8 19. Rd1 Rxd1+ 20. Qxd1 Nfd7 21. b4 Na6 22. b5 Nac5 23. bxc6 bxc6 24. Bxc6 Bxc4 25. Bd5 Nb6 26. Bxc4 Nxc4 27. Bc1 e4 28. Qd5 Qd6 29. Qxc4 Qd1+ 30. Nxd1 1-0


[Site "https://www.chess.com"]

[Event "Titled Tuesday Blitz November 14 Early 2023"]
[White "Bobomurodova, Maftuna"]
[Black "Kamalidenova, Meruert"]
[WhiteFideId "14207400"]
[BlackFideId "13712802"]
[WhiteElo "2308"]
[BlackElo "2631"]
[Result "0-1"]
[Round "1"]
[TimeControl "180+1"]
[Date "2023.11.14"]
[WhiteClock "0:00:00"]
[BlackClock "0:01:03"]
[Board "175"]

1. e4 c5 2. Nf3 d6 3. Bb5+ Bd7 4. Bxd7+ Nxd7 5. c4 Ngf6 6. Qe2 e6 7. O-O Be7 8. Nc3 O-O 9. d4 cxd4 10. Nxd4 a6 11. b3 Qb6 12. Rd1 Qa5 13. Bb2 Rac8 14. f4 Rfe8 15. Qf3 Bf8 16. g4 g6 17. Kh1 Bg7 18. Nce2 d5 19. cxd5 exd5 20. e5 Ne4 21. Ng3 Ndc5 22. Nxe4 dxe4 23. Qe3 Nd3 24. Rd2 f6 25. e6 Bh6 26. Rxd3 exd3 27. Qxd3 Qd5+ 28. Kg1 Bxf4 29. Rf1 Be5 30. Qe3 Rcd8 31. Rd1 Bxd4 32. Bxd4 Qxe6 33. Qd3 Rd5 34. h3 Red8 35. Qc4 b5 36. Qc3 Qd6 37. Re1 Rxd4 38. Rf1 Rd1 0-1


[Site "https://www.chess.com"]

[Event "Titled Tuesday Blitz November 14 Early 2023"]
[White "Parkhov, Yair"]
[Black "LeoWin2012"]
[WhiteFideId "2813408"]
[WhiteElo "2631"]
[BlackElo "2307"]
[Result "1-0"]
[Round "1"]
[TimeControl "180+1"]
[Date "2023.11.14"]
[WhiteClock "0:00:40"]
[BlackClock "0:00:06"]
[Board "176"]

1. d4 Nf6 2. c4 g6 3. Nc3 d5 4. cxd5 Nxd5 5. e3 Bg7 6. Nxd5 Qxd5 7. Ne2 O-O 8. Nc3 Qd8 9. Bc4 c6 10. O-O Nd7 11. f4 Nb6 12. Bb3 Bf5 13. Qe2 Qd7 14. Bd2 Rad8 15. Be1 Be6 16. Bxe6 Qxe6 17. Bh4 Nc4 18. Rfe1 Nxe3 19. Bf2 Nf5 20. Qxe6 fxe6 21. Rxe6 Bxd4 22. Rae1 Bxf2+ 23. Kxf2 Rd2+ 24. R6e2 Rfd8 25. g4 Ng7 26. Ne4 Rxe2+ 27. Rxe2 Rd4 28. Ke3 Rb4 29. Rd2 Ne6 30. b3 a5 31. f5 Nc7 32. Rd8+ Kf7 33. Ng5+ Kg7 34. Kf3 h6 35. Ne4 Nd5 36. Ra8 Rd4 37. Rxa5 Rd3+ 38. Kf2 gxf5 39. gxf5 Re3 40. Ng3 Rc3 41. Ne4 Rc2+ 42. Kg3 Ne3 43. Re5 Nd5 44. Re6 Rxa2 45. Rg6+ Kf7 46. Rxh6 Ra3 47. Ng5+ Kg7 48. Rg6+ Kf8 49. Ne6+ Kf7 50. Rg7+ Kf6 51. Rg6+ Kxf5 52. Rh6 Rxb3+ 53. Kh4 Nf4 54. Nd4+ Ke4 55. Nxb3 Ng2+ 56. Kg3 Nf4 57. Rh4 e5 58. Nd2+ Kd3 59. Nf3 Ne2+ 60. Kf2 e4 61. Ne5+ Kd2 62. Rxe4 Nc3 63. Nf3+ Kc2 64. Rc4 Kb3 65. Rxc3+ Kxc3 66. h4 b5 67. h5 b4 68. h6 b3 69. h7 b2 70. h8=Q+ Kb3 71. Qh7 Ka2 72. Nd2 c5 73. Qa7# 1-0


[Site "https://www.chess.com"]

[Event "Titled Tuesday Blitz November 14 Early 2023"]
[White "Pumpkin_in_moonlight"]
[Black "StiffMaster1"]
[WhiteElo "2305"]
[BlackElo "2629"]
[Result "0-1"]
[Round "1"]
[TimeControl "180+1"]
[Date "2023.11.14"]
[WhiteClock "0:00:00"]
[BlackClock "0:01:02"]
[Board "177"]

1. e4 e5 2. Nf3 Nc6 3. Nc3 Nf6 4. d4 exd4 5. Nxd4 Bb4 6. Nxc6 bxc6 7. Bd3 d5 8. exd5 O-O 9. O-O cxd5 10. Bg5 c6 11. h3 Rb8 12. Qf3 Bd6 13. Rab1 Be5 14. Rfe1 Bd4 15. Ne2 Bb6 16. Ng3 h6 17. Bxf6 Qxf6 18. Qxf6 gxf6 19. Bf5 Bd4 20. Bxc8 Rfxc8 21. Nf5 Bc5 22. Nxh6+ Kg7 23. Nf5+ Kg6 24. g4 Kg5 25. Kg2 Kf4 26. c3 a5 27. a4 Re8 28. Ng3 Rxe1 29. Rxe1 Rxb2 30. Re2 Rb3 31. Nh5+ Kg5 32. f4+ Kg6 33. h4 f5 34. Ng3 fxg4 35. h5+ Kh6 36. Re5 Rxc3 37. Nf5+ Kxh5 38. Ne7+ Kh4 39. Nf5+ Kh5 40. Ne3+ Kg6 41. Nxg4 f6 42. Re8 Kf5 43. Nh6+ Kxf4 44. Ng8 Rc2+ 45. Kh3 Bd4 46. Ne7 Be5 47. Ng6+ Kf5 48. Nh4+ Ke4 49. Rg8 d4 50. Rg4+ Kd5 51. Rg1 Rh2+ 52. Kg4 c5 53. Nf5 c4 54. Ne7+ Kc5 55. Ng6 c3 56. Kf5 d3 57. Ke4 Kc4 58. Nxe5+ fxe5 0-1


[Site "https://www.chess.com"]

[Event "Titled Tuesday Blitz November 14 Early 2023"]
[White "Stark, Lars"]
[Black "SicilianPanzer"]
[WhiteFideId "4676386"]
[WhiteElo "2629"]
[BlackElo "2305"]
[Result "1-0"]
[Round "1"]
[TimeControl "180+1"]
[Date "2023.11.14"]
[WhiteClock "0:02:28"]
[BlackClock "0:00:48"]
[Board "178"]

1. c4 e6 2. g3 Nf6 3. Bg2 d5 4. Nf3 dxc4 5. Qa4+ Nbd7 6. Qxc4 a6 7. Qb3 c5 8. a4 Bd6 9. d3 O-O 10. O-O h6 11. a5 Rb8 12. Nbd2 Bc7 13. Nc4 Nd5 14. Bd2 b5 15. axb6 N7xb6 16. Na5 Bd7 17. Rfc1 Na4 18. Qa3 Bxa5 19. Bxa5 Qxa5 20. b3 Qb4 21. bxa4 Rfc8 22. Ne5 Be8 23. Nc4 Nc3 24. Qxc3 1-0


[Site "https://www.chess.com"]

[Event "Titled Tuesday Blitz November 14 Early 2023"]
[White "Larina, Maria"]
[Black "Al-Tarboush, Ward"]
[WhiteFideId "24113182"]
[BlackFideId "7601450"]
[WhiteElo "2303"]
[BlackElo "2627"]
[Result "0-1"]
[Round "1"]
[TimeControl "180+1"]
[Date "2023.11.14"]
[WhiteClock "0:00:09"]
[BlackClock "0:01:14"]
[Board "179"]

1. e4 c5 2. Nc3 e6 3. Nf3 a6 4. d4 cxd4 5. Nxd4 Qc7 6. g3 Bb4 7. Qd3 Nc6 8. Nxc6 Qxc6 9. Bd2 Nf6 10. Bg2 O-O 11. O-O e5 12. a3 Bc5 13. Bg5 Bd4 14. Bd2 d6 15. h3 Be6 16. Bg5 Bc4 17. Qf3 Bxf1 18. Bxf1 Bxc3 19. Bxf6 gxf6 20. Qxf6 Bd2 21. f4 Qxe4 22. Bd3 Qe3+ 23. Kg2 Rfe8 24. Bxh7+ Kf8 25. Bg6 Qe2+ 26. Kh1 Qc4 27. fxe5 Qe6 28. Qxe6 Rxe6 29. Bf5 Rxe5 30. Bd3 Re1+ 31. Rxe1 Bxe1 0-1


[Site "https://www.chess.com"]

[Event "Titled Tuesday Blitz November 14 Early 2023"]
[White "Fromm, Marius"]
[Black "Alexikov, Alexander"]
[WhiteFideId "12993190"]
[BlackFideId "14103958"]
[WhiteElo "2625"]
[BlackElo "2298"]
[Result "1-0"]
[Round "1"]
[TimeControl "180+1"]
[Date "2023.11.14"]
[WhiteClock "0:00:54"]
[BlackClock "0:00:27"]
[Board "180"]

1. e4 c5 2. Nf3 d6 3. d4 Nf6 4. Nc3 cxd4 5. Nxd4 a6 6. g3 b5 7. Bg2 Bb7 8. O-O Nbd7 9. Re1 e6 10. a4 b4 11. Nd5 Qa5 12. Nb3 Qd8 13. Nxb4 d5 14. Nxd5 Rc8 15. Bf4 Be7 16. Nxe7 Qxe7 17. Bd6 Qd8 18. a5 1-0


[Site "https://www.chess.com"]

[Event "Titled Tuesday Blitz November 14 Early 2023"]
[White "Ruge, Edison"]
[Black "Feuerstack, Aljoscha"]
[WhiteFideId "4401000"]
[BlackFideId "4681932"]
[WhiteElo "2298"]
[BlackElo "2624"]
[Result "1-0"]
[Round "1"]
[TimeControl "180+1"]
[Date "2023.11.14"]
[WhiteClock "0:00:35"]
[BlackClock "0:00:10"]
[Board "181"]

1. e4 c6 2. d3 d5 3. Nd2 g6 4. Ngf3 Bg7 5. g3 Nf6 6. Bg2 O-O 7. O-O Bg4 8. Re1 Nbd7 9. h3 Bxf3 10. Nxf3 dxe4 11. dxe4 Nc5 12. Nd2 Nfd7 13. Qe2 Qc7 14. Nc4 b5 15. Ne3 Rad8 16. Ng4 h5 17. Nh2 Nb6 18. Rb1 Nca4 19. Nf3 Nc4 20. c3 Rd7 21. Bf4 Qb6 22. Qc2 Rfd8 23. Bf1 Ncxb2 24. Rxb2 Bxc3 25. Rbb1 Bxe1 26. Rxe1 Nc5 27. Be3 Qa5 28. Bxc5 Rd2 29. Nxd2 Rxd2 30. Qc1 Rxa2 31. Bxe7 Qc7 32. Bf6 Qd6 33. e5 Qd4 34. Qe3 Qxe3 35. Rxe3 Rd2 36. Rd3 Rxd3 37. Bxd3 1-0


[Site "https://www.chess.com"]

[Event "Titled Tuesday Blitz November 14 Early 2023"]
[White "Arslanov, Shamil"]
[Black "Spichkin, Alexander"]
[WhiteFideId "4192826"]
[BlackFideId "4144074"]
[WhiteElo "2624"]
[BlackElo "2293"]
[Result "0-1"]
[Round "1"]
[TimeControl "180+1"]
[Date "2023.11.14"]
[WhiteClock "0:00:12"]
[BlackClock "0:00:41"]
[Board "182"]

1. d4 e6 2. e4 d5 3. Be3 c5 4. dxc5 Qa5+ 5. c3 dxe4 6. Nd2 Nf6 7. b4 Qc7 8. Ne2 Nc6 9. Ng3 Nd5 10. Ndxe4 Nxe3 11. fxe3 Qe5 12. Qd2 Be7 13. b5 Nb8 14. Qd4 Nd7 15. c6 bxc6 16. bxc6 Qxd4 17. cxd4 Nb6 18. Kf2 O-O 19. Nc3 Bh4 20. Rc1 f5 21. Bd3 f4 22. exf4 Rxf4+ 23. Ke3 Bg5 24. Nge4 Bh6 25. Ke2 Nd5 26. Nd6 Rxd4 27. Nxd5 exd5 28. Rc2 Bg4+ 29. Kf2 Rxd3 30. Re1 Rf8+ 31. Kg1 Be3+ 32. Kh1 Rd1 33. Rxd1 Bxd1 0-1


[Site "https://www.chess.com"]

[Event "Titled Tuesday Blitz November 14 Early 2023"]
[White "Novikova, Anna"]
[Black "Kuzhylnyi, Oleksandr"]
[WhiteFideId "4146794"]
[BlackFideId "34110500"]
[WhiteElo "2292"]
[BlackElo "2623"]
[Result "0-1"]
[Round "1"]
[TimeControl "180+1"]
[Date "2023.11.14"]
[WhiteClock "0:01:17"]
[BlackClock "0:02:24"]
[Board "183"]

1. e4 g6 2. d4 Bg7 3. Nc3 d6 4. Be3 a6 5. Qd2 b5 6. Bd3 Nd7 7. f3 c5 8. dxc5 Nxc5 9. Nge2 Bb7 10. O-O Rc8 11. a4 b4 12. Nd5 Bxb2 13. Rab1 Bg7 14. Rb3 Nxb3 0-1


[Site "https://www.chess.com"]

[Event "Titled Tuesday Blitz November 14 Early 2023"]
[White "Larino Nieto, David"]
[Black "Buscar, Michael"]
[WhiteFideId "2256444"]
[BlackFideId "2603616"]
[WhiteElo "2623"]
[BlackElo "2288"]
[Result "1-0"]
[Round "1"]
[TimeControl "180+1"]
[Date "2023.11.14"]
[WhiteClock "0:01:54"]
[BlackClock "0:01:21"]
[Board "184"]

1. e4 c5 2. Nc3 Nc6 3. g3 g6 4. Bg2 Bg7 5. d3 d6 6. f4 Nf6 7. h3 O-O 8. Nf3 Ne8 9. O-O Nc7 10. Be3 Ne6 11. g4 Ned4 12. Nh2 b5 13. Qd2 b4 14. Nd1 Qc7 15. c3 bxc3 16. bxc3 Ne6 17. f5 Ned8 18. Bh6 f6 19. Bxg7 Kxg7 20. Ne3 Bb7 21. Nd5 Qd7 22. g5 Ne5 23. d4 cxd4 24. cxd4 Bxd5 25. dxe5 Bc4 26. gxf6+ exf6 27. Rfc1 Rc8 28. Ng4 gxf5 29. Qh6+ Kh8 30. Qxf8+ 1-0


[Site "https://www.chess.com"]

[Event "Titled Tuesday Blitz November 14 Early 2023"]
[White "remyrushbrooke"]
[Black "FoxOnTheRun97"]
[WhiteElo "2282"]
[BlackElo "2620"]
[Result "0-1"]
[Round "1"]
[TimeControl "180+1"]
[Date "2023.11.14"]
[WhiteClock "0:02:40"]
[BlackClock "0:02:30"]
[Board "185"]

1. d4 Nf6 2. Nc3 d5 3. Bg5 h6 4. Bxf6 exf6 5. e3 g6 6. Bd3 c6 7. h4 h5 8. Nh3 Bd6 9. Qf3 Bg4 10. O-O-O Bxf3 11. gxf3 Nd7 0-1


[Site "https://www.chess.com"]

[Event "Titled Tuesday Blitz November 14 Early 2023"]
[White "Principe, Gerson"]
[Black "Alahakoon, Isuru"]
[WhiteFideId "3804550"]
[BlackFideId "9900993"]
[WhiteElo "2618"]
[BlackElo "2279"]
[Result "1-0"]
[Round "1"]
[TimeControl "180+1"]
[Date "2023.11.14"]
[WhiteClock "0:00:15"]
[BlackClock "0:00:00"]
[Board "186"]

1. d4 d5 2. Nf3 Bf5 3. c4 e6 4. Qb3 Nc6 5. e3 Nb4 6. Na3 c6 7. Be2 Nf6 8. O-O a5 9. Qd1 h6 10. Bd2 Bd6 11. Bc3 O-O 12. Qe1 Ne4 13. c5 Bb8 14. Bxb4 axb4 15. Qxb4 Qc7 16. g3 Bh3 17. Rfd1 Qe7 18. Nb1 b5 19. Nbd2 Qf6 20. Nxe4 dxe4 21. Nd2 Qg6 22. Bf1 Bg4 23. Re1 f5 24. a4 Rxa4 25. Rxa4 bxa4 26. Qxa4 e5 27. dxe5 Bxe5 28. Nc4 Bb8 29. Ra1 f4 30. exf4 Bxf4 31. Qc2 Bf3 32. Re1 Bb8 33. Bg2 Qf6 34. Ne3 Bxg2 35. Nxg2 Be5 36. Rxe4 Bxb2 37. Rf4 Qd8 38. Rxf8+ Kxf8 39. Nf4 Qf6 40. Qe4 Be5 41. Nd3 Bd4 42. Nf4 Kg8 43. Qe8+ Kh7 44. Qe4+ Kg8 45. Kg2 Bxc5 46. Qc4+ Qf7 47. Qxc5 g5 48. Nd3 Qd5+ 49. Qxd5+ cxd5 50. Kf3 Kf7 51. Ke3 Ke6 52. Kd4 Kd6 53. Nb4 Ke6 54. Nxd5 Kf5 55. f3 h5 56. Ne3+ Kg6 57. Ke4 h4 58. gxh4 gxh4 59. Kf4 h3 60. Kg4 Kf6 61. Kxh3 1-0


[Site "https://www.chess.com"]

[Event "Titled Tuesday Blitz November 14 Early 2023"]
[White "Kraus, Tomas"]
[Black "Janaszak, Dawid"]
[WhiteFideId "331708"]
[BlackFideId "1119206"]
[WhiteElo "2279"]
[BlackElo "2618"]
[Result "1-0"]
[Round "1"]
[TimeControl "180+1"]
[Date "2023.11.14"]
[WhiteClock "0:00:05"]
[BlackClock "0:00:41"]
[Board "187"]

1. e4 c5 2. Nc3 Nc6 3. f4 g6 4. Nf3 Bg7 5. g3 e6 6. Bg2 Nge7 7. O-O O-O 8. d3 d5 9. e5 f6 10. exf6 Bxf6 11. Re1 Nf5 12. Ne5 Nxe5 13. fxe5 Bg7 14. Bf4 Rb8 15. Qd2 b5 16. a4 a6 17. Nd1 d4 18. axb5 axb5 19. Nf2 Bb7 20. Ne4 c4 21. Ra7 Qb6 22. Qa5 Qxa5 23. Rxa5 Bd5 24. Rea1 Rfc8 25. Ra7 cxd3 26. cxd3 Rc2 27. Nf6+ Bxf6 28. Bxd5 exd5 29. exf6 Rf8 30. g4 Nh4 31. Rg7+ Kh8 32. Raa7 Rxf6 33. Rxh7+ Kg8 34. Rag7+ Kf8 35. Rxh4 Rxf4 36. Rb7 Kg8 37. Rxb5 g5 38. Rh6 Rxg4+ 39. Kf1 Kg7 40. Rd6 Rf4+ 41. Ke1 Rg4 42. Rb7+ Kf8 43. Rd8# 1-0


[Site "https://www.chess.com"]